 Dungeon Sprint DCSS version 0.20.1-1-g8b1a95d (webtiles) character file.

616 OdinFK the Carver (level 7, 0/112 HPs)
             Began as a Minotaur Berserker on Oct 22, 2017.
             Was a Priest of Trog.
             Slain by Sonja
             ... wielding a +2 dagger of venom
              (3 damage)
             ... in the Dungeon (Sprint I: "Red Sonja").
             The game lasted 00:05:03 (885 turns).

OdinFK the Carver (Minotaur Berserker)               Turns: 885, Time: 00:05:04

Health: 0/112      AC:  3    Str: 28    XL:     7   Next: 21%
Magic:  6/6        EV: 14    Int:  4    God:    Trog [***...]
Gold:   310        SH:  0    Dex: 10    Spells: 6/6 levels left

rFire    . . .     SeeInvis .   a - +0 falchion
rCold    . . .     Gourm    .   (no shield)
rNeg     . . .     Faith    .   k - +0 leather armour
rPois    .         Spirit   .   (helmet restricted)
rElec    .         Reflect  .   (no cloak)
rCorr    .         Harm     .   (no gloves)
MR       .....     NoTele   +   (no boots)
Stlth    ..........             (no amulet)
Regen    0.3/turn               (no ring)
MPRegen  0.1/turn               (no ring)

@: berserking (expiring), lethally poisoned (0 -> -110), slowed
A: retaliatory headbutt, horns 2
a: Berserk, Trog's Hand, Burn Spellbooks, Renounce Religion


You were in the Dungeon.
You worshipped Trog.
Trog was most pleased with you.
You were very hungry.

You visited 1 branch You collected 310 gold pieces.

Inventory:

Hand Weapons
 a - a +0 falchion (weapon)
Armour
 b - a +0 animal skin
 k - a +0 leather armour (worn)
Wands
 j - a wand of digging (8/24)
Scrolls
 i - a scroll of blinking
Potions
 d - a potion of curing
 e - a potion of heal wounds
 f - a potion of haste
 g - 2 potions of magic
 h - a potion of berserk rage
 l - a potion of brilliance {unknown}
Comestibles
 c - a bread ration
 m - 4 chunks of flesh


   Skills:
 + Level 11.8 Fighting
 + Level 12.0 Long Blades
 + Level 6.7 Armour
 + Level 6.2 Dodging


You had 6 spell levels left.
You didn't know any spells.

Dungeon Overview and Level Annotations

Branches:
Dungeon (1/1)

Altars:
Cheibriados
Dithmenos
Elyvilon
Fedhas
Gozag
Hepliaklqana
Kikubaaqudgha
Makhleb
Nemelex Xobeh
Okawaru
Qazlal
Ru
Sif Muna
Trog
Uskayaw
Vehumet
Xom
Yredelemnul
Zin
The Shining One
Jiyva
Lugonu

Shops:
D (

Annotations:
D Sonja


Innate Abilities, Weirdness & Mutations

You reflexively headbutt those who attack you in melee.
You have a pair of horns on your head.


Message History

Sonja hits you with an uncursed dagger of venom.
* * * LOW HITPOINT WARNING * * *
Sonja hits you with an uncursed dagger of venom.
* * * LOW HITPOINT WARNING * * *
You are more poisoned.
You barely miss Sonja.
* * * LOW HITPOINT WARNING * * *
You feel very sick.
Sonja hits you with an uncursed dagger of venom!
* * * LOW HITPOINT WARNING * * *
You are more poisoned.
Sonja hits you but does no damage. Sonja misses you.
You completely miss Sonja.
* * * LOW HITPOINT WARNING * * *
You feel very sick. Sonja hits you but does no damage.
You are more poisoned.
Sonja closely misses you.
Sonja hits you with an uncursed dagger of venom.
You die...

#..'÷.#..').#..'..+
#..#####'#####'#__#
#..####..#...#(####
#..#__####..##.#
#..#_____##'#..+
#⌠⌠#_.∩...÷..._#
####_..__##_.#'#
#_____###(#.#
####### #@###


+$K$+ #$.$# ##.## #+# You could see Sonja.

Vanquished Creatures
  A slime creature (D)
  Sigmund (D)
  A yak (D)
  An ogre (D)
  A jelly (D)
  Ijyb (D)
6 creatures vanquished.

Vanquished Creatures (others)
  A gargoyle (D)
1 creature vanquished.

Grand Total: 7 creatures vanquished

Notes
Turn   | Place    | Note
-------+----------+-------------------------------------------
     0 | D        | OdinFK the Minotaur Berserker began the quest for the Orb.
     0 | D        | Reached XP level 1. HP: 19/19 MP: 0/0
     1 | D        | Noticed Ijyb
    13 | D        | Killed Ijyb
    13 | D        | Reached skill level 5 in Fighting
    13 | D        | Reached skill level 5 in Long Blades
    13 | D        | Reached XP level 2. HP: 8/29 MP: 1/1
   256 | D        | Noticed an ogre
   261 | D        | Killed an ogre
   261 | D        | Reached skill level 7 in Long Blades
   261 | D        | Reached XP level 3. HP: 27/39 MP: 2/2
   261 | D        | Reached XP level 4. HP: 33/47 MP: 3/3
   352 | D        | Noticed Sigmund
   367 | D        | Killed Sigmund
   367 | D        | Reached ** piety under Trog
   367 | D        | Reached skill level 9 in Long Blades
   367 | D        | Reached skill level 5 in Armour
   367 | D        | Reached skill level 5 in Dodging
   367 | D        | Reached XP level 5. HP: 31/58 MP: 4/4
   380 | D        | Found a deep blue altar of Sif Muna.
   382 | D        | Found a radiant altar of Vehumet.
   388 | D        | Reached skill level 10 in Fighting
   388 | D        | Reached skill level 10 in Long Blades
   388 | D        | Reached XP level 6. HP: 46/66 MP: 5/5
   557 | D        | Found a viscous altar of Jiyva.
   557 | D        | Found a corrupted altar of Lugonu.
   557 | D        | Noticed a slime creature
   565 | D        | Killed a slime creature
   565 | D        | Reached skill level 11 in Long Blades
   566 | D        | Found a burning altar of Makhleb.
   566 | D        | Found a shimmering altar of Xom.
   738 | D        | Found Gutis's Antique Weapon Emporium.
   738 | D        | Found an ancient bone altar of Kikubaaqudgha.
   738 | D        | Found a hazy altar of Hepliaklqana.
   738 | D        | Found a stormy altar of Qazlal.
   738 | D        | Found a hide-covered altar of Uskayaw.
   738 | D        | Found a blossoming altar of Fedhas.
   738 | D        | Found a bloodstained altar of Trog.
   738 | D        | Found an iron altar of Okawaru.
   738 | D        | Found a basalt altar of Yredelemnul.
   738 | D        | Found a glowing golden altar of the Shining One.
   738 | D        | Found a snail-covered altar of Cheibriados.
   738 | D        | Found a sacrificial altar of Ru.
   738 | D        | Found a glowing silver altar of Zin.
   738 | D        | Found a shadowy altar of Dithmenos.
   738 | D        | Found a white marble altar of Elyvilon.
   738 | D        | Noticed a yak
   749 | D        | Killed a yak
   749 | D        | Reached *** piety under Trog
   749 | D        | Reached skill level 12 in Long Blades
   749 | D        | Reached XP level 7. HP: 47/75 MP: 6/6
   750 | D        | Found an opulent altar of Gozag.
   754 | D        | Found a sparkling altar of Nemelex Xobeh.
   764 | D        | Killed a gargoyle
   876 | D        | Noticed Sonja
   885 | D        | HP: 3/112 [poisoned by Sonja]
   885 | D        | Slain by Sonja

Skill      XL: |  1  2  3  4  5  6 |
---------------+-------------------+-----
Fighting       | 5 7 9 10 11 | 11.8
Long Blades    | 5 7 9 10 12 | 12.0
Armour         | 3 4 5 6 |  6.7
Dodging        | 3 4 5 6 |  6.2

Action                   |  1- 3 |  4- 6 |  7- 9 || total
-------------------------+-------+-------+-------++-------
Melee: Falchion          |    14 |    30 |     6 ||    50
       Headbutt          |     2 |    12 |       ||    14
Invok: Berserk           |     1 |     1 |     1 ||     3
  Eat: Chunk             |       |       |     1 ||     1
Armor: Animal skin       |     2 |       |       ||     2
       Leather armour    |       |     1 |     3 ||     4
Dodge: Dodged            |     3 |     8 |    10 ||    21
       Rpst.: Falchion   |     2 |     2 |     1 ||     5
